 Dungeon Crawl Stone Soup version 0.31-a0-187-gba352fbbf7 (webtiles) character file.

Game seed: 8508328981081660739

149 qw the Skirmisher (level 5, -2/29 HPs)
             Began as a Deep Elf Hunter on June 22, 2023.
             Slain by Ijyb
             ... wielding a +0 club
              (3 damage)
             ... on level 5 of the Dungeon.
             The game lasted 00:00:44 (1493 turns).

qw the Skirmisher (Deep Elf Hunter)                 Turns: 1493, Time: 00:00:44

Health: -2/29      AC:  6    Str: 10    XL:     5   Next: 9%
Magic:  7/7        EV: 11    Int: 14    God:
Gold:   76         SH:  0    Dex: 18    Spells: 4/4 levels left

rFire   . . .        Y - +1 shortbow
rCold   . . .        (shield currently unavailable)
rNeg    . . .        e - +0 ring mail
rPois   .            (no helmet)
rElec   .            (no cloak)
rCorr   .            (no gloves)
SInv    .            a - +0 pair of boots
Will    .....        (no amulet)
Stlth   +            (no ring)
HPRegen 0.24/turn    (no ring)
MPRegen 0.10/turn

%: no passive effects
@: no status effects
A: no striking features
a: no special abilities


You were on level 5 of the Dungeon.
You visited 1 branch of the dungeon, and saw 5 of its levels.

You collected 76 gold pieces.


   Skills:
 - Level 1.5 Fighting
 + Level 8.5 Ranged Weapons
 - Level 2.4 Dodging
 - Level 1.2 Stealth


You had 4 spell levels left.
You didn't know any spells.
Your spell library was empty.

Inventory:

Hand Weapons
 Y - a +1 shortbow (weapon)
Armour
 a - a +0 pair of boots (worn)
 e - a +0 ring mail (worn)
Potions
 b - a potion of invisibility {unknown}
 c - a potion of curing {unknown}
 d - a potion of degeneration {unknown}
 f - a potion of lignification {unknown}
 g - a potion of might {unknown}
 h - a potion of heal wounds {unknown}
 i - a potion of brilliance {unknown}

Dungeon Overview and Level Annotations

Branches:
Dungeon (6/15)
 Temple: D:4-7

Altars:

Annotations:
D:5 Ijyb
D:6 1 runed translucent door, qw's ghost, novice NaHu


Message History

The ufetubus hits you but does no damage.
The ufetubus closely misses you. Ijyb hits you with a +0 club.
The ufetubus misses you. The ufetubus hits you.
You shoot an arrow. The arrow hits Ijyb.
Ijyb is severely wounded.
Ijyb misses you. The ufetubus hits you. The ufetubus barely misses you.
Ijyb hits you with a +0 club.
The ufetubus hits you but does no damage.
The ufetubus hits you.
You shoot an arrow. The arrow hits Ijyb but does no damage.
Ijyb is severely wounded.
The ufetubus closely misses you. The ufetubus barely misses you.
Ijyb hits you but does no damage.
You shoot an arrow. The arrow closely misses Ijyb.
The ufetubus hits you but does no damage. x2
Ijyb zaps a wand.
You resist with some effort. The ufetubus hits you.
The ufetubus hits you but does no damage.
You shoot an arrow. The arrow hits Ijyb but does no damage.
Ijyb is severely wounded.
The ufetubus barely misses you. The ufetubus closely misses you.
Ijyb screams, "Me stronger than you!" Ijyb hits you with a +0 club.
The ufetubus closely misses you. x2
You shoot an arrow. The arrow barely misses Ijyb.
The ufetubus hits you but does no damage.
The ufetubus misses you. Ijyb closely misses you.
You shoot an arrow. The arrow closely misses Ijyb.
The ufetubus closely misses you. The ufetubus barely misses you.
Ijyb barely misses you. The ufetubus hits you.
The ufetubus hits you but does no damage.
You shoot an arrow. The arrow hits Ijyb.
Ijyb is almost dead.
The ufetubus hits you but does no damage. x2
Ijyb hits you with a +0 club. The ufetubus barely misses you. x2
You shoot an arrow. The arrow barely misses Ijyb.
Ijyb zaps a wand.
You resist with some effort.
The ufetubus hits you but does no damage.
The ufetubus hits you.
Ijyb screams, "You nasty!
Big nasty!"
Ijyb hits you with a +0 club.
You die...

........####.#
#.###
........>....#
#.#
##.####.%#####
#.# #..# #.#
#..# #.# #..#
#.# #...## #.#
#...#.######.#
#....5@......#
...$.#g########
... ... # #..#.
#..#. #. #. .
#. .! ..


You could see Ijyb and an ufetubus.

Vanquished Creatures
  A scorpion (D:5)
  2 adders
  A white imp (D:6)
  An ufetubus (D:6)
  3 worms
  3 dart slugs
  3 bats
  2 endoplasms
  3 giant cockroaches (D:2)
  2 goblins
  6 hobgoblins
  3 jackals (D:1)
  3 quokkas
  4 ball pythons
  A frilled lizard (D:1)
  5 kobolds
  6 rats
49 creatures vanquished.

Notes
Turn   | Place    | Note
-------+----------+-------------------------------------------
     0 | D:1      | qw the Deep Elf Hunter began the quest for the Orb.
     0 | D:1      | Reached XP level 1. HP: 12/12 MP: 3/3
     0 | D:1      | 0 ||| qw: Version: 0.3-a-9-g12657ce
     0 | D:1      | 0 ||| qw: Game counter: 2106
     0 | D:1      | 0 ||| qw: Always use a shield: true
     0 | D:1      | 0 ||| qw: God list: Okawaru
     0 | D:1      | 0 ||| qw: Allow faded altars: false
     0 | D:1      | 0 ||| qw: Do Orc after D:15 true
     0 | D:1      | 0 ||| qw: Do second Lair branch before Depths: true
     0 | D:1      | 0 ||| qw: Lair rune preference: random
     0 | D:1      | 0 ||| qw: Plans: Normal
     0 | D:1      | 0 ||| PLANNING D:1-11
   116 | D:1      | Found a faded altar of an unknown god.
   153 | D:1      | Reached XP level 2. HP: 16/16 MP: 4/4
   157 | D:1      | Reached skill level 6 in Ranged Weapons
   461 | D:1      | Reached XP level 3. HP: 20/20 MP: 5/5
   701 | D:1      | 701 ||| UPGRADING to +0 ring mail.
   711 | D:1      | 711 ||| DROPPING +0 leather armour.
   712 | D:1      | 712 ||| READING scroll labelled YNAMON VOLIOF.
   715 | D:1      | 715 ||| READING scroll labelled ZILLI UBLO.
   716 | D:1      | 716 ||| DROPPING scroll of butterflies.
   726 | D:2      | 726 ||| STAIRDANCE
   825 | D:2      | Reached skill level 7 in Ranged Weapons
   843 | D:2      | 843 ||| UPGRADING to +0 pair of boots.
   951 | D:2      | 951 ||| Stepping ~*~*~tactically~*~*~ (water).
  1013 | D:2      | Reached XP level 4. HP: 25/25 MP: 6/6
  1206 | D:2      | 1206 ||| READING scroll labelled IGRAHUSUXI.
  1273 | D:3      | You fall into a shaft and drop 3 floors!
  1299 | D:6      | Found a runed translucent door.
  1306 | D:6      | Noticed qw's ghost (novice NaHu)
  1314 | D:5      | Entered Level 5 of the Dungeon
  1314 | D:5      | Noticed a scorpion
  1330 | D:5      | HP: 2/25 [scorpion (6)]
  1331 | D:5      | Killed a scorpion
  1332 | D:5      | Reached skill level 8 in Ranged Weapons
  1332 | D:5      | Reached XP level 5. HP: 3/29 MP: 7/7
  1479 | D:5      | Noticed Ijyb
  1489 | D:5      | HP: 7/29 [Ijyb/+0 club (2)]
  1492 | D:5      | HP: 2/29 [Ijyb/+0 club (3)]
  1493 | D:5      | Slain by Ijyb

Levels and vault maps discovered:
D:1:      sevenhm_arrival_forest_fort_large_2, layout_basic,
          shapermc_ecumenical_altar_rom_forum
D:2:      wander_river, layout_rooms
D:3:      layout_basic, nicolae_overflow_squiral
D:5:      layout_basic, nzn_hepliaklqana_mist_gate,
          nicolae_shop_sticking_my_neck_out, uniq_ijyb
D:6:      minmay_chambers_of_sixes, layout_gridville, serial_shops, shop,
          hellmonk_ghost_happy_afterlife

Skill      XL: |  1  2  3  4 |
---------------+-------------+-----
Ranged Weapons | 6 7 8 |  8.5
Fighting       | |  1.5
Dodging        | |  2.4
Stealth        | |  1.2

Action                     |  1- 3 |  4- 6 || total
---------------------------+-------+-------++-------
   Fire: Shortbow          |   135 |    64 ||   199
    Use: Scroll            |     2 |     1 ||     3
 Armour: Leather armour    |     1 |       ||     1
         Ring mail         |    21 |    23 ||    44
  Dodge: Dodged            |    33 |    36 ||    69

Table legend:
 A = Non-vault XP
 B = Vault XP
 C = Vault XP percentage of total XP
 D = Non-vault monster count
 E = Vault monster count
 F = Vault count percentage of total count
                 A         B        C        D         E       F
            +---------+---------+-------+---------+---------+-------
      Total |     213 |       0 |   0.0 |      49 |       0 |   0.0
            +---------+---------+-------+---------+---------+-------
        D:1 |      57 |       0 |   0.0 |      25 |       0 |   0.0
        D:2 |      53 |       0 |   0.0 |      20 |       0 |   0.0
        D:3 |       4 |       0 |   0.0 |       1 |       0 |   0.0
        D:5 |      80 |       0 |   0.0 |       1 |       0 |   0.0
        D:6 |      19 |       0 |   0.0 |       2 |       0 |   0.0
            +---------+---------+-------+---------+---------+-------
